 Dungeon Crawl Stone Soup version 0.18-a0-1121-gb454403 (webtiles) character file.

168 ThermosAquaticus the Cudgeler (level 5, -1/54 HPs)
             Began as an Ogre Abyssal Knight on Jan 18, 2016.
             Was a Priest of Lugonu.
             Slain by a gnoll
             ... wielding a +0 halberd
              (11 damage)
             ... on level 3 of the Dungeon.
             The game lasted 00:09:09 (3378 turns).

ThermosAquaticus the Cudgeler (Ogre Abyssal Knight) Turns: 3378, Time: 00:09:09

Health: -1/54      AC:  3    Str: 18    XL:     5   Next: 48%
Magic:  6/6        EV: 10    Int: 11    God:    Lugonu [***...]
Gold:   100        SH:  0    Dex:  9    Spells: 0 memorised, 4 levels left

rFire  . . .     SeeInvis .     a - +1 mace
rCold  . . .     Gourm    .     b - +0 robe
rNeg   . . .     Faith    .     (no shield)
rPois  .         Spirit   .     (helmet restricted)
rElec  .         Dismiss  .     (no cloak)
rCorr  .         Reflect  .     (gloves unavailable)
SustAt .         Harm     .     (boots unavailable)
MR     .....                    (no amulet)
Stlth  +.........               (no ring)
                                (no ring)

@: not resistant to hostile enchantments, very unstealthy
A: unfitting armour, tough skin 1
a: Depart the Abyss, Bend Space, Banish, Renounce Religion


You were on level 3 of the Dungeon.
You worshipped Lugonu.
Lugonu was most pleased with you.
You were not hungry.

You visited 1 branch of the dungeon, and saw 4 of its levels.
You visited the Abyss 1 time.

You collected 100 gold pieces.

Inventory:

Hand Weapons
 a - a +1 mace (weapon)
Missiles
 g - 33 poisoned needles
Armour
 b - a +0 robe (worn)
Jewellery
 f - an uncursed ring of sustain attributes {unknown}
 n - a +5 amulet of reflection {unknown}
Scrolls
 d - a scroll of fog {unknown}
 e - a scroll of blinking {unknown}
 h - a scroll of immolation {unknown}
 k - 2 scrolls of random uselessness {unknown}
 o - a scroll of fear {unknown}
 s - a scroll of amnesia {unknown}
Potions
 i - a potion of agility {unknown}
 j - 2 potions of mutation {unknown}
 l - 2 potions of heal wounds {unknown}
 m - a potion of might {unknown}
 r - a potion of invisibility {unknown}
Books
 q - a Fen Folio

   Spells                             Type                      Level
   a - Corpse Rot                     Necromancy                   2
   b - Stone Arrow                    Conjuration/Earth            3
   c - Leda's Liquefaction            Hexes/Earth                  4
   d - Summon Forest                  Summoning/Translocation      5
   e - Hydra Form                     Transmutation                6
   f - Summon Hydra                   Summoning                    7
Comestibles
 c - 2 bread rations
 p - a meat ration
 t - 3 chunks of flesh


   Skills:
 - Level 4.0 Fighting
 + Level 7.3 Maces & Flails
 - Level 2.1 Dodging
 - Level 2.0 Invocations


You had 4 spell levels left.
You didn't know any spells.

Dungeon Overview and Level Annotations

Branches:
Dungeon (4/15)
 Temple: D:4-7

Altars:
Ashenzari
Fedhas


Innate Abilities, Weirdness & Mutations

You are too large for most types of armour.
You have tough skin (AC +1).


Message History

You struggle against the net.
The gnoll hits you with a halberd!
You tear a large gash into the net.
You rip the net and break free!
The gnoll barely misses you. The gnoll hits you with a halberd!
You climb upwards.
There is a stone staircase leading down here.
You hit the gnoll.
The gnoll is severely wounded.
The gnoll hits you but does no damage.
You hit the gnoll but do no damage.
The gnoll is severely wounded.
The gnoll hits you with a halberd!
You hit the gnoll.
The gnoll is almost dead.
The gnoll hits you with a halberd!
* * * LOW HITPOINT WARNING * * *
You barely miss the gnoll.
The gnoll is almost dead.
The gnoll hits you with a halberd!
You die...

####.######.###...........##
##.. #.# ##.#..#.#.#.#.[.#
#.. #.# ##.......[.(...##
##.. #)#
##..#.#(#.####.###.#. #รท#
##..........# ##...##. ###.#
#....#.#.#.## #.####.
##...## ##..........# #.#
#.. #.###.########.##g#.#.##
#.# #.. .##
##.##.....##@).....# #.# #.#
.# #.##.####.##.#.#.#####.#
#.# .## ##.##.#
##.........##..# #.#
#.###.###.# #.#)#.#.#....##
#.# ##...##
#.#####........###.# #.#
##..## #.##....#.#.#.## #.#
#.. ....#
#.##.###.......###.######
##.## #.##.# ##.#.#.#......#
#.#
####.##)#####.##..###.#.####


You could see a gnoll.

Vanquished Creatures
  A gnoll (D:4)
  3 adders
  2 worms
  3 giant geckos
  An orc (D:3)
  A ball python (D:2)
  4 giant cockroaches
  13 hobgoblins
  6 jackals (D:3)
  9 kobolds
  A quokka (D:3)
  5 bats
  5 giant newts
  11 goblins
  6 rats
71 creatures vanquished.

Vanquished Creatures (others)
  The ghost of yogakurto the Firebug, an amateur NaFE (D:3)
1 creature vanquished.

Grand Total: 72 creatures vanquished

Notes
Turn   | Place    | Note
--------------------------------------------------------------
     0 | Abyss:1  | ThermosAquaticus the Ogre Abyssal Knight began the quest for the Orb.
     0 | Abyss:1  | Reached XP level 1. HP: 24/24 MP: 2/2
     9 | D:1      | Escaped the Abyss
   195 | D:1      | Reached XP level 2. HP: 30/32 MP: 3/3
   864 | D:2      | Found a shattered altar of Ashenzari.
   930 | D:2      | Reached XP level 3. HP: 39/39 MP: 4/4
   960 | D:2      | Reached ** piety under Lugonu
  1027 | D:2      | Reached skill level 5 in Maces & Flails
  1647 | D:2      | Reached XP level 4. HP: 44/48 MP: 5/5
  1663 | D:3      | Noticed yogakurto's ghost (amateur NaFE)
  2321 | D:3      | Reached skill level 6 in Maces & Flails
  2419 | D:3      | Reached *** piety under Lugonu
  2427 | D:3      | Banished yogakurto's ghost
  2427 | D:3      | Reached XP level 5. HP: 42/54 MP: 6/6
  2767 | D:3      | Reached skill level 7 in Maces & Flails
  2984 | D:4      | Found a blossoming altar of Fedhas.
  3378 | D:3      | Slain by a gnoll

Vault maps used:
D:1:      elethiomel_arrival_quiet, minmay_misc_feat_room
D:2:      nicolae_ashenzari_panopticon
D:3:      minmay_misc_feat_enclosed, st_stairs_12
D:4:      fedhas_altar_1, nicolae_overflow_crystal_walls, serial_shops, shop
Abyss:1:  evilmike_abyss_exit_17

Action                   |  1- 3 |  4- 6 || total
-------------------------+-------+-------++-------
Melee: Mace              |   108 |   134 ||   242
Invok: Banish            |       |     1 ||     1
 Stab: Sleeping          |     1 |       ||     1
       Distracted        |       |     1 ||     1
  Eat: Chunk             |     2 |     6 ||     8
